 Dungeon Crawl Stone Soup version 0.30-a0-1008-g30c9307041 (webtiles) character file.

Game seed: 6932838643866402963

1684286 freelancePsychic the Conqueror (level 25, 177/273 (282) HPs)
             Began as a Minotaur Berserker on Apr 5, 2023.
             Was the Champion of Trog.
             Escaped with the Orb
             ... and 3 runes!
             The game lasted 02:05:44 (65481 turns).

freelancePsychic the Conqueror (MiBe)              Turns: 65481, Time: 02:05:44

HP:   177/273 (282) AC: 43    Str: 25    XL:     25   Next: 47%
MP:   26/28         EV: 21    Int:  6    God:    Trog [******]
Gold: 2040          SH: 24    Dex: 14    Spells: 24/24 levels left

rFire   + + .      SeeInvis .    b - +9 eveningstar (heavy)
rCold   + . .      Faith    .    R - +0 kite shield of Wisdom {rF+ rCorr}
rNeg    . . .      Spirit   +    Y - +10 storm dragon scales {Bai Suzhen}
rPois   +          Reflect  .    z - +2 hat
rElec   +          Rampage  +    r - +1 cloak of Starlight {*Dazzle EV+4 Stlth--}
rCorr   +                        S - +2 pair of gloves of the Cockatrice {Rampage rPois Int+2 Dex-3}
Will    +....                    v - +2 pair of boots {Fly} Stlth
                                 m - brooch of Shielding {Spirit SH+8}
HPRegen 0.65/turn                K - ring of protection from fire
MPRegen 0.21/turn                M - ring "Meozobav" {rPois rC+ Slay+4}

@: flying, lightly drained
A: horns 2, retaliatory headbutt, talons 2, clumsy 1, robust 1
0: Orb of Zot
}: 3/15 runes: decaying, serpentine, silver
a: Renounce Religion, Berserk, Trog's Hand, Brothers in Arms


You escaped.
You worshipped Trog.
Trog was exalted by your worship.
You visited 9 branches of the dungeon, and saw 47 of its levels.
You visited the Abyss 1 time.
You visited 2 bazaars.
You also visited: Gauntlet and Ice Cave.

You collected 6185 gold pieces.
You spent 4145 gold pieces at shops.

Inventory:

Hand Weapons
 a - a +9 eveningstar of freezing
 b - a +9 heavy eveningstar (weapon)
Missiles
 t - 2 throwing nets
Armour
 e - a +0 tower shield of fire resistance
 r - the +1 cloak of Starlight (worn) {*Dazzle EV+4 Stlth--}
   (You acquired it on level 3 of the Dungeon)

   *Dazzle:   It may blind those who miss an attack against the wearer in melee
   combat.
   EV:        It affects your evasion (+4).
   Stlth:     It makes you much less stealthy.
 v - a +2 pair of boots of flying (worn)
 z - a +2 hat (worn)
 R - the +0 kite shield of Wisdom (worn) {rF+ rCorr}
   (You found it on level 3 of the Lair of Beasts)

   rF:        It protects you from fire.
   rCorr:     It protects you from acid and corrosion.
 S - the +2 pair of gloves of the Cockatrice (worn) {Rampage rPois Int+2 Dex-3}
   (You found it in a Gauntlet)

   Int:       It affects your intelligence (+2).
   Dex:       It affects your dexterity (-3).
   rPois:     It protects you from poison.
   Rampage:   It bestows one free step when moving towards enemies.
 Y - +10 storm dragon scales (worn) {Bai Suzhen}
Jewellery
 m - the brooch of Shielding (around neck) {Spirit SH+8}
   (You bought it in a shop on level 1 of the Snake Pit)

   [amulet of guardian spirit]

   It causes incoming damage to be divided between your reserves of health and
   magic.
   SH:        It affects your SH (+8).
 n - a +5 ring of evasion
 w - a ring of protection from fire
 K - a ring of protection from fire (left hand)
 M - the ring "Meozobav" (right hand) {rPois rC+ Slay+4}
   (You took it off a deep elf elementalist on level 3 of the Elven Halls)

   [ring of slaying]

   Slay:      It affects your accuracy & damage with ranged weapons and melee
   (+4).
   rC:        It protects you from cold.
   rPois:     It protects you from poison.
 X - an amulet of reflection
Wands
 c - a wand of mindburst (36)
 k - a wand of flame (66) (quivered)
 C - a wand of digging (22)
 T - a wand of roots (21)
 V - a wand of paralysis (23)
 W - a wand of light (16)
 Z - a wand of polymorph (14)
Scrolls
 f - 18 scrolls of identify {@r1}
 g - 10 scrolls of immolation
 p - 5 scrolls of fear
 q - 4 scrolls of blinking
 x - 7 scrolls of vulnerability
 y - 5 scrolls of butterflies
 D - 3 scrolls of silence
 E - 3 scrolls of fog
 H - 4 scrolls of poison
 I - 4 scrolls of magic mapping
 J - 25 scrolls of teleportation {@r4}
Potions
 d - 7 potions of lignification
 h - 3 potions of might
 i - 3 potions of haste {@q3}
 j - 7 potions of mutation
 l - a potion of magic
 o - 12 potions of heal wounds {@q2}
 s - 2 potions of invisibility
 u - 13 potions of attraction
 A - 23 potions of curing {@q1}
 B - 10 potions of ambrosia
 G - 6 potions of cancellation
 L - 11 potions of berserk rage
 O - a potion of resistance
 P - 6 potions of flight
Miscellaneous
 F - a box of beasts
 N - a lightning rod (4/4)
 Q - a phial of floods
 U - a phantom mirror


   Skills:
 O Level 27 Fighting
 - Level 5.0 Short Blades
 - Level 16.0 Maces & Flails
 - Level 22.0 Armour
 + Level 19.6 Dodging
 - Level 1.9 Stealth
 - Level 22.0 Shields
 - Level 8.0 Invocations
 - Level 20.0 Evocations


You had 24 spell levels left.
You didn't know any spells.
Your spell library was empty.

Dungeon Overview and Level Annotations

Branches:
Dungeon (15/15)            Temple (0/1) D:4            Lair (5/5) D:10
  Swamp (4/4) Lair:3        Snake (4/4) Lair:3        Slime (0/5) Lair:5
    Orc (2/2) D:11            Elf (3/3) Orc:2        Vaults (5/5) D:13
  Crypt (0/3) Vaults:3     Depths (4/4) D:15            Zot (5/5) Depths:4
  IceCv (visited)         Gauntlet (visited)

Altars:
Cheibriados
Dithmenos
Gozag
Hepliaklqana
Kikubaaqudgha
Okawaru
Uskayaw
Vehumet
Wu Jian
Yredelemnul
Zin
Jiyva

Shops:
D:15 ?[?   Orc:1 *   Orc:2 (!([=   Elf:1 !:   Elf:3 *(**   Snake:1 =
Snake:2 ::=   Snake:3 ?   Snake:4 *   Vaults:1 [   Vaults:5 [*   Depths:1 *
Depths:4 :[

Portals:
Hell: Depths:1* Depths:2 Depths:3 Depths:4
Abyss: Depths:2 Depths:4
Pandemonium: Depths:2 Depths:4
Ziggurat: Depths:2
Trove: Elf:3 (give +4 ice dragon scales)

Annotations:
D:8 exclusion: door
D:14 Roxanne
Lair:5 exclusion: oklob plant
Swamp:2 2 transporters, Vioczuc's ghost, adept TrCK
Swamp:3 1 runed translucent door, benadryl's ghost, adept MiBe
Orc:2 1 runed translucent door, Pimp's ghost, journeyman BaWn
Elf:2 3 runed translucent doors
Elf:3 6 transporters
Vaults:2 3 runed translucent doors, Rinoumap's ghost, adept TrCK
Depths:3 3 runed translucent doors


Innate Abilities, Weirdness & Mutations

You have a pair of horns on your head.
You reflexively headbutt those who attack you in melee.
You have razor-sharp toenails.
You are clumsy. (Dex -2)
You are robust. (+10% HP)


Message History

You hammer the Orb Guardian like a gong!!!
You headbutt the Orb Guardian, but do no damage.
The Orb Guardian is severely wounded.
You block the Orb Guardian's attack.
You bludgeon the Orb Guardian!! Your headbutt misses the Orb Guardian.
The Orb Guardian is almost dead.
You block the Orb Guardian's attack. x2
You impale the Orb Guardian!!
You kill the Orb Guardian!
Trog accepts your kill.
(D) Dungeon (T) Temple (L) Lair (S) Swamp (P) Snake Pit (M) Slime Pits (O) Orcish Mines (E) Elven Halls (V) Vaults (C) Crypt (U) Depths (H) Hell (Z) Zot
Where to? (Enter - D:1 @ (x,y), ? - help)
You fly upwards.
There is a stone staircase leading down here.
A tormentor comes into view.
The tormentor moves out of view.
The tormentor barely misses you. The tormentor misses you.
The tormentor calls on the powers of darkness!
Your body is wracked with pain!
You are too injured to fight recklessly!
You are too injured to fight recklessly!
You beat the tormentor like a drum!!!
You kill the tormentor!
Trog accepts your kill.
There is a stone staircase leading up here.
You start resting.
A hell beast comes into view.
You block the hell beast's attack. x2
You fly upwards.
There is a stone staircase leading down here.
(D) Dungeon (T) Temple (L) Lair (S) Swamp (P) Snake Pit (M) Slime Pits (O) Orcish Mines (E) Elven Halls (V) Vaults (C) Crypt (U) Depths (H) Hell (Z) Zot
Where to? (Enter - D:1 @ (x,y), ? - help)
There is a staircase leading out of the dungeon here.
You have escaped!

######...#############..#
...#...#.####.......###.#
.....###........⌠.......##
...### #####..⌠..(⌠..##..###
...# ##.......####...######
#### ##..⌠..## ###>...... ###
##...## ###.#### ..#
####...#### #.# #.##
#######....@....#######.#
#..#
#.....................#.#
##.#
#..⌠....⌠.....⌠....⌠..#.# #.#
#.....⌠....#....⌠.....#.#
#.####..⌠....#####....⌠..##.#
#...###)...### ###....##..#
###.# ##>### ###>##..##
####.## ### ########.##
......# ##........#


There were no monsters in sight!

Vanquished Creatures
  2 orbs of fire (Zot:5)
  2 dread liches
  3 ancient liches (Zot:5)
  Vv (Depths:2)
  Boris (thrice) (Vaults:4 Depths:3 Vaults:5)
  Parghit (Zot:1)
  Bai Suzhen (Snake:3)
  5 Killer Klowns (Zot:5)
  the Lernaean hydra (Swamp:4)
  A curse toe (Zot:5)
  8 golden dragons
  A bone dragon (Depths:4)
  A hellephant (Zot:1)
  2 electric golems
  Jorgrun (Swamp:3)
  A Tzitzimitl (Depths:4)
  Rupert (Snake:1)
  Zenata (Elf:2)
  25 Orb Guardians
  Asterion (Depths:1)
  17 tentacled monstrosities
  2 deep elf master archers (Elf:3)
  2 liches
  2 deep elf blademasters (Elf:3)
  10 quicksilver dragons
  A tentacled starspawn (Abyss:2)
  A titan (Vaults:5)
  6 death cobs
  2 sphinxes
  An Executioner (Zot:3)
  Agnes (Snake:4)
  11 storm dragons
  Gastronok (D:9)
  A thorn hunter (Swamp:2)
  8 shadow dragons
  11 tengu reavers
  Kirke (Snake:4)
  4 nagarajas
  A fenstrider witch (Swamp:3)
  16 fire giants
  3 draconian monks
  A draconian knight (Zot:1)
  2 iron dragons (Vaults:5)
  7 frost giants
  18 vault wardens
  4 draconian shifters
  4 deep elf sorcerers
  7 draconian scorchers
  Aizul (Snake:3)
  4 spectral caustic shrikes (Depths:3)
  2 ghost moths
  An angel (Zot:5)
  2 deep elf elementalists (Elf:3)
  3 draconian stormcallers
  A war gargoyle (Vaults:5)
  6 draconian annihilators
  11 stone giants
  16 ironbound preservers
  7 ironbound thunderhulks
  3 orc warlords
  32 very ugly things
  A vampire knight (Depths:2)
  4 eleionomae
  Nessos (D:14)
  7 green draconians
  11 white draconians
  The ghost of SirDiesAlot the Covert, a journeyman SpEn of Dithmenos (Elf:1)
  6 deep elf demonologists
  12 purple draconians
  7 black draconians
  10 dire elephants
  3 spark wasps
  6 yellow draconians
  4 deep elf annihilators
  7 red draconians
  A minotaur (Gauntlet)
  A blizzard demon (Abyss:2)
  5 bunyips
  6 deep elf death magi
  12 ettins
  A shambling mangrove (Swamp:4)
  4 great orbs of eyes
  2 merfolk javelineers (Depths:1)
  3 fire dragons
  3 entropy weavers
  3 deep elf high priests
  13 yaktaur captains
  2 rakshasas
  19 hydras
  4 ice dragons
  12 ironbound frosthearts
  4 salamander tyrants
  42 vault guards
  3 ogre magi
  4 spriggan air magi
  11 anacondas
  2 catoblepae
  11 two-headed ogres
  4 boulder beetles
  8 centaur warriors
  9 naga warriors
  9 dancing weapons
  16 alligators
  18 death yaks
  7 tengu warriors
  10 deep troll earth magi
  14 deep troll shamans
  A hell hog (Depths:2)
  8 shock serpents
  A shock serpent (shapeshifter) (Vaults:5)
  5 spriggan berserkers
  A vampire mage (Depths:4)
  5 deep elf knights
  An orc high priest (Orc:2)
  9 naga sharpshooters
  Sonja (Lair:5)
  8 hell knights
  A titan zombie (Vaults:3)
  A sun demon (Depths:2)
  A skyshark (Lair:3)
  A soul eater (Depths:2)
  A shadow wraith (Vaults:5)
  9 goliath frogs
  3 salamander mystics
  3 death drakes
  12 iron trolls
  A flayed ghost (Depths:3)
  13 swamp dragons
  3 glowing orange brains
  6 naga ritualists
  57 deep trolls
  3 spriggan druids
  13 ironbound convokers
  14 orc knights
  5 deep elf archers
  4 bog bodies
  5 necromancers
  4 phantasmal warriors
  20 deep elf zephyrmancers
  14 lindwurms
  11 wizards
  3 wolf spiders
  11 mana vipers
  10 cyclopes
  11 deep elf pyromancers
  A shining eye (Abyss:2)
  2 orc sorcerers (Orc:2)
  39 ugly things
  3 manticores
  3 will-o-the-wisps
  A faun (shapeshifter) (Depths:4)
  A manticore (shapeshifter) (Vaults:4)
  9 salamanders
  17 moths of wrath
  2 guardian serpents
  2 spectral centaurs (Gauntlet)
  A demonic crawler (D:5)
  8 elephants
  7 naga magi
  47 black mambas
  15 vault sentinels
  An eye of devastation (shapeshifter) (Vaults:2)
  A water nymph (shapeshifter) (Vaults:4)
  An orange demon (Zot:1)
  A hellion (Depths:1)
  17 cane toads
  5 kobold demonologists
  19 yaktaurs
  7 freezing wraiths
  9 komodo dragons
  2 rime drakes
  An efreet (D:15)
  2 tormentors
  A redback zombie (Gauntlet)
  An ice devil (Depths:1)
  A tengu conjurer (D:15)
  4 ancient zymes (Abyss:2)
  A harpy zombie (Abyss:2)
  3 polar bears
  11 trolls
  14 tyrant leeches
  9 hornets
  Prince Ribbit (D:5)
  5 saltlings (Orc:2)
  15 blink frogs
  A culicivora (Vaults:4)
  A human simulacrum (Vaults:3)
  2 air elementals
  30 slime creatures
  A centaur simulacrum (D:15)
  3 wraiths
  9 spriggans
  7 small abominations (Abyss:2)
  6 basilisks
  63 yaks
  12 wyverns
  3 shadows
  17 water elementals
  4 hogs (Snake:4)
  7 large abominations (Abyss:2)
  3 steam dragons
  A chaos spawn (Abyss:2)
  2 neqoxecs (Abyss:2)
  6 redbacks
  Edmund (D:4)
  A death yak simulacrum (IceCv)
  9 wargs
  25 nagas
  2 acid dragons
  15 swamp worms
  22 water moccasins
  A hell hound (Swamp:1)
  2 hydra simulacra (Zot:1)
  6 swamp drakes
  20 orc warriors
  2 sky beasts (D:7)
  7 black bears
  15 wolves
  8 ogres
  20 centaurs
  2 phantoms
  8 kobold brigands
  A human zombie (Vaults:3)
  20 bullfrogs
  A human skeleton (Vaults:3)
  2 earth elementals (Elf:1)
  A water moccasin zombie (D:4)
  2 two-headed ogre simulacra (D:11)
  2 cane toad simulacra (IceCv)
  4 scorpions
  A wight (D:6)
  12 killer bees
  2 howler monkeys
  4 hounds
  8 jellies
  10 orc priests
  An iron imp (Abyss:2)
  2 centaur skeletons (D:4)
  A gnoll bouda (D:7)
  A sleepcap (D:5)
  3 iguanas
  8 orc wizards
  3 scorpion zombies (D:4)
  A polar bear simulacrum (IceCv)
  6 hell rats (Lair:1)
  2 troll simulacra (D:11)
  2 wolf simulacra (IceCv)
  3 hound skeletons (D:4)
  Robin (D:2)
  15 gnolls
  2 naga simulacra (D:11)
  5 adders
  A white imp (D:8)
  2 ufetubi
  A worm (D:3)
  A dart slug (D:5)
  64 orcs
  9 ball pythons
  4 endoplasms (D:1)
  4 giant cockroaches
  8 goblins
  8 hobgoblins
  11 jackals
  3 quokkas
  2 bats
  6 frilled lizards
  34 kobolds
  3 rats (D:1)
  A starspawn tentacle (Abyss:2)
1841 creatures vanquished.

Vanquished Creatures (collateral kills)
  Mennas (Vaults:4)
  A Killer Klown (Zot:5)
  A shard shrike (Zot:1)
  An electric golem (Zot:5)
  A shadow dragon (Zot:5)
  2 vault wardens
  A draconian scorcher (Zot:1)
  Louise (Swamp:3)
  A draconian annihilator (Depths:4)
  2 dire elephants (Vaults:4)
  Snorg (D:10)
  An ettin (Vaults:5)
  4 vault guards
  A great orb of eyes (Vaults:4)
  A naga warrior (Snake:4)
  A shock serpent (Snake:4)
  An ironbound convoker (Vaults:4)
  4 deep trolls
  4 tyrant leeches (Lair:3)
  A vampire (D:10)
  A yak (D:10)
  A wyvern (D:10)
  A redback (Vaults:4)
  A swamp worm (Lair:3)
35 creatures vanquished.

Vanquished Creatures (others)
  Saint Roka (Elf:2)
  A Killer Klown (Zot:5)
  A tentacled monstrosity (Zot:1)
  An Orb Guardian (Zot:5)
  A death cob (Zot:1)
  A draconian monk (Zot:1)
  A vault warden (Vaults:4)
  A draconian shifter (Zot:4)
  A deep elf elementalist (Elf:3)
  2 green draconians (Zot:1)
  A white draconian (Zot:1)
  2 black draconians (Zot:4)
  3 ettins
  3 deep elf death magi
  A deep elf high priest (Vaults:5)
  A vault guard (Vaults:5)
  2 salamander tyrants
  An ice dragon (Depths:3)
  2 deep troll earth magi (Depths:3)
  3 deep elf knights
  3 wizards
  A lindwurm (Vaults:4)
  A phantasmal warrior (Vaults:5)
  2 deep elf zephyrmancers
  5 deep elf pyromancers (Elf:1)
  A salamander (Snake:3)
  2 black mambas
  A vault sentinel (Vaults:3)
  2 tengu conjurers
  2 bloated husks
  A tyrant leech (Swamp:4)
  A slime creature (Vaults:3)
  A spriggan (Swamp:3)
  A yak (D:8)
  A redback (Vaults:5)
  A naga (Snake:2)
  An orc priest (Orc:2)
  8 kobolds
  2 briar patches (Swamp:2)
  16 bushes (Depths:2)
  3 demonic plants (Gauntlet)
  8 foxfires
  32 fungi
  6 pillars of salt (Orc:2)
  69 plants
  A starspawn tentacle (Abyss:2)
  2 withered plants (D:4)
204 creatures vanquished.

Grand Total: 2080 creatures vanquished

Notes
Turn   | Place    | Note
-------+----------+-------------------------------------------
     0 | D:1      | freelancePsychic the Minotaur Berserker began the quest for
                  | the Orb.
     0 | D:1      | Reached XP level 1. HP: 19/19 MP: 0/0
   297 | D:1      | Reached XP level 2. HP: 27/27 MP: 1/1
   400 | D:1      | Reached skill level 1 in Stealth
   419 | D:1      | Reached ** piety under Trog
   968 | D:2      | Reached XP level 3. HP: 33/33 MP: 2/2
  1107 | D:2      | Reached skill level 4 in Fighting
  1278 | D:2      | Noticed Robin
  1433 | D:3      | Found a shadowy altar of Dithmenos.
  1508 | D:3      | Found a hazy altar of Hepliaklqana.
  1566 | D:3      | Identified a scroll of acquirement
  1567 | D:3      | Acquired the +1 cloak of Starlight {*Dazzle EV+4 Stlth--}
  1567 | D:3      | Found the +1 cloak of Starlight {*Dazzle EV+4 Stlth--}
  1736 | D:3      | Reached skill level 1 in Short Blades
  1813 | D:4      | Noticed Edmund
  1931 | D:2      | Killed Robin
  1932 | D:2      | Reached XP level 4. HP: 40/40 MP: 3/3
  2038 | D:2      | Reached *** piety under Trog
  2160 | D:4      | Reached XP level 5. HP: 47/47 MP: 4/4
  2275 | D:4      | Noticed a phantom
  2283 | D:4      | Killed a phantom
  2284 | D:4      | Reached skill level 5 in Fighting
  2284 | D:4      | Reached XP level 6. HP: 56/56 MP: 5/5
  2431 | D:4      | Killed Edmund
  2432 | D:4      | Reached XP level 7. HP: 61/61 MP: 6/6
  2551 | D:4      | Reached skill level 5 in Short Blades
  2587 | D:4      | Reached skill level 6 in Fighting
  2711 | D:4      | Found a staircase to the Ecumenical Temple.
  2984 | D:5      | Entered Level 5 of the Dungeon
  3007 | D:5      | Reached skill level 5 in Dodging
  3247 | D:5      | Reached skill level 7 in Fighting
  3295 | D:5      | Reached XP level 8. HP: 73/73 MP: 7/7
  3302 | D:5      | Found a glowing silver altar of Zin.
  3637 | D:5      | Reached skill level 8 in Fighting
  3673 | D:5      | Reached **** piety under Trog
  3678 | D:5      | Found an iron altar of Okawaru.
  3826 | D:5      | Identified the +7 long sword "Orb Guardian's Death"
                  | {protect, Fragile rN+ Dex+2 SInv}
  4192 | D:6      | Noticed Prince Ribbit
  4253 | D:5      | Killed Prince Ribbit
  4301 | D:6      | Noticed a hornet
  4307 | D:6      | Killed a hornet
  4308 | D:6      | Reached skill level 9 in Fighting
  4387 | D:6      | Reached XP level 9. HP: 85/85 MP: 8/8
  4458 | D:6      | Reached skill level 10 in Fighting
  5262 | D:7      | Reached skill level 5 in Armour
  5345 | D:7      | Reached skill level 11 in Fighting
  5531 | D:7      | Found a radiant altar of Vehumet.
  5796 | D:7      | Reached skill level 12 in Fighting
  5960 | D:7      | Noticed a kobold demonologist
  5971 | D:7      | Killed a kobold demonologist
  5972 | D:7      | Reached XP level 10. HP: 97/97 MP: 9/9
  6370 | D:8      | Reached ***** piety under Trog
  6891 | D:8      | Found a snail-covered altar of Cheibriados.
  7030 | D:9      | Noticed Gastronok
  7137 | D:9      | Killed Gastronok
  7138 | D:9      | Reached skill level 13 in Fighting
  7233 | D:9      | Reached skill level 14 in Fighting
  7775 | D:9      | Reached XP level 11. HP: 110/111 MP: 10/10
  7856 | D:9      | Reached skill level 10 in Armour
  8176 | D:10     | Entered Level 10 of the Dungeon
  8217 | D:10     | Noticed a two-headed ogre
  8231 | D:10     | Killed a two-headed ogre
  8232 | D:10     | Reached skill level 1 in Shields
  8438 | D:10     | Noticed Snorg
  8453 | D:10     | Killed Snorg
  8470 | D:10     | Reached skill level 15 in Fighting
  8607 | D:10     | Noticed a two-headed ogre
  8616 | D:10     | Killed a two-headed ogre
  8898 | D:10     | Noticed a five-headed hydra
  8904 | D:10     | Killed a five-headed hydra
  8905 | D:10     | Reached skill level 5 in Shields
  8905 | D:10     | Reached skill level 1 in Evocations
  9053 | D:10     | Found a staircase to the Lair.
  9089 | D:10     | Found a hide-covered altar of Uskayaw.
  9478 | D:11     | Noticed a two-headed ogre
  9491 | D:11     | Killed a two-headed ogre
  9603 | D:11     | Found a frozen archway.
  9777 | IceCv    | Entered an ice cave
  9786 | IceCv    | Noticed a white ugly thing
  9794 | IceCv    | Killed a white ugly thing
 10157 | D:11     | Noticed a white ugly thing
 10173 | D:11     | Killed a white ugly thing
 10174 | D:11     | Reached XP level 12. HP: 105/121 MP: 11/11
 10585 | D:11     | Found a staircase to the Orcish Mines.
 11221 | Lair:1   | Entered Level 1 of the Lair of Beasts
 11463 | Lair:1   | Reached skill level 5 in Evocations
 12013 | Lair:1   | Received a gift from Trog
 12382 | Lair:2   | Noticed a catoblepas
 12418 | Lair:2   | Killed a catoblepas
 12419 | Lair:2   | Reached skill level 16 in Fighting
 13489 | Lair:2   | Identified the amulet "Wewkiwn" {Acrobat rC+}
 13750 | Lair:3   | Reached skill level 15 in Armour
 13790 | Lair:3   | Reached XP level 13. HP: 117/130 MP: 12/12
 14020 | Lair:3   | Found a staircase to the Snake Pit.
 14196 | Lair:3   | Identified the +0 kite shield of Wisdom {rF+ rCorr}
 14625 | Lair:3   | Reached skill level 17 in Fighting
 14974 | Lair:3   | Identified the +0 trident of Uskayaw's Reproof {flame,
                  | Int+4}
 15587 | Lair:3   | Identified the +8 bardiche of Inflation {drain, rPois MP+9
                  | Dex+5 SInv}
 15698 | Lair:3   | Found a staircase to the Swamp.
 15950 | Lair:4   | You fall into a shaft and drop 1 floor!
 15950 | Lair:5   | Entered Level 5 of the Lair of Beasts
 15984 | Lair:5   | Reached skill level 18 in Fighting
 16005 | Lair:5   | Found a gate leading to a gauntlet.
 16007 | Lair:5   | Found a staircase to the Slime Pits.
 16007 | Lair:5   | Found a viscous altar of Jiyva.
 16014 | Gauntlet | Entered a Gauntlet
 16014 | Gauntlet | Found a transporter.
 16014 | Gauntlet | Found a transporter.
 16119 | Gauntlet | Found a transporter.
 16121 | Gauntlet | Found a transporter.
 16131 | Gauntlet | Found a transporter.
 16135 | Gauntlet | Found a large runed translucent door.
 16136 | Gauntlet | Found a large runed translucent door.
 16138 | Gauntlet | Found a runed translucent gate.
 16139 | Gauntlet | Found a transporter.
 16139 | Gauntlet | Found a transporter.
 16139 | Gauntlet | Found a runed translucent gate.
 16140 | Gauntlet | Found a runed translucent gate.
 16142 | Gauntlet | Found a large runed translucent door.
 16143 | Gauntlet | Found a large runed translucent door.
 16155 | Gauntlet | Found a large runed translucent door.
 16155 | Gauntlet | Found a large runed translucent door.
 16156 | Gauntlet | Found a large runed translucent door.
 16156 | Gauntlet | Found a large runed translucent door.
 16163 | Gauntlet | Found a transporter.
 16166 | Gauntlet | Found a large runed translucent door.
 16166 | Gauntlet | Found a large runed translucent door.
 16166 | Gauntlet | Found a runed translucent door.
 16166 | Gauntlet | Found a runed translucent door.
 16167 | Gauntlet | Found a large runed translucent door.
 16168 | Gauntlet | Found a large runed translucent door.
 16170 | Gauntlet | Found a transporter.
 16184 | Gauntlet | Found a transporter.
 16204 | Gauntlet | Found a transporter.
 16226 | Gauntlet | Found a transporter.
 16272 | Gauntlet | Found a transporter.
 16288 | Gauntlet | Found a transporter.
 16389 | Gauntlet | Found a transporter.
 16403 | Gauntlet | Found a transporter.
 16419 | Gauntlet | Found a large runed translucent door.
 16419 | Gauntlet | Found a large runed translucent door.
 16420 | Gauntlet | Found a large runed translucent door.
 16421 | Gauntlet | Found a large runed translucent door.
 16941 | Gauntlet | Identified the +2 pair of gloves of the Cockatrice {Rampage
                  | rPois Int+2 Dex-3}
 16945 | Gauntlet | Identified the +4 plate armour "Veicewn" {+Inv Dex+2}
 17003 | Gauntlet | Noticed a minotaur
 17016 | Gauntlet | Killed a minotaur
 17026 | Gauntlet | Identified the staff of air "Qegoqod" {rElec Int+2 Dex+3
                  | Stlth+}
 17282 | Lair:5   | Noticed Sonja
 17283 | Lair:5   | Reached XP level 14. HP: 126/144 MP: 13/13
 17285 | Lair:5   | Killed Sonja
 17468 | Lair:5   | Reached skill level 19 in Fighting
 20404 | Lair:4   | Received a gift from Trog
 21463 | D:12     | Reached skill level 20 in Fighting
 21760 | D:11     | Reached XP level 15. HP: 107/155 MP: 14/14
 22952 | Orc:1    | Entered Level 1 of the Orcish Mines
 23114 | Orc:1    | Found Tuwkius's General Store.
 23149 | Orc:1    | Bought a potion of haste for 150 gold pieces
 23149 | Orc:1    | Bought a potion of heal wounds for 75 gold pieces
 23852 | Orc:2    | Entered Level 2 of the Orcish Mines
 24069 | Orc:2    | Received a gift from Trog
 24268 | Orc:2    | Reached skill level 5 in Maces & Flails
 24275 | Orc:2    | Found a staircase to the Elven Halls.
 24277 | Orc:2    | Found a runed translucent door.
 24278 | Orc:2    | Noticed Pimp's ghost (journeyman BaWn)
 24347 | Orc:2    | Found Voreusog's Jewellery Shoppe.
 24512 | Orc:2    | Found Kadiodiv's Antique Armour Boutique.
 24532 | Orc:2    | Found Raviguem's Distillery.
 24642 | Orc:2    | Found Culat's Weapon Shoppe.
 24652 | Orc:2    | Bought a potion of invisibility for 88 gold pieces
 24869 | Orc:2    | Paralysed by an orc sorcerer for 5 turns
 25353 | Orc:2    | Found Kocas's Weapon Shoppe.
 25858 | D:13     | Found a gate to the Vaults.
 26368 | D:14     | Noticed Nessos
 26373 | D:14     | Killed Nessos
 26373 | D:14     | Reached ****** piety under Trog
 26477 | D:14     | Identified Roxanne's Almanac of the Tektite
 26477 | D:14     | Noticed Roxanne
 26794 | D:14     | Received a gift from Trog
 27076 | D:14     | Reached XP level 16. HP: 162/162 MP: 15/15
 27103 | D:15     | Entered Level 15 of the Dungeon
 27103 | D:15     | Found Owezerask's Armour Boutique.
 27130 | D:15     | Found Allix's Magic Scroll Boutique.
 27149 | D:15     | Found a flickering gateway to a bazaar.
 27160 | Bazaar   | Entered a bazaar
 27161 | Bazaar   | Found Qorekuc's Jewellery Shop.
 27174 | Bazaar   | Found Afarex's Assorted Antiques.
 27177 | Bazaar   | Found Duifaucs's Assorted Antiques.
 27180 | Bazaar   | Bought a scroll labelled XORYEW UTU TEL for 18 gold pieces
 27215 | Bazaar   | Found Zoempit's Jewellery Shop.
 27258 | Bazaar   | Bought a wand of roots (7) for 369 gold pieces
 27258 | Bazaar   | Bought a wand of roots (2) for 105 gold pieces
 27351 | D:15     | Bought a scroll of blinking for 120 gold pieces
 27351 | D:15     | Bought a scroll of butterflies for 64 gold pieces
 27351 | D:15     | Bought a scroll of poison for 64 gold pieces
 27351 | D:15     | Bought a scroll of butterflies for 64 gold pieces
 27351 | D:15     | Bought a scroll of fear for 64 gold pieces
 27366 | D:15     | Reached skill level 10 in Shields
 27506 | D:15     | Found a staircase to the Depths.
 27708 | D:15     | Identified the +1 chain mail "Ecofes" {+Blink Str+3}
 27726 | D:15     | Found an iron altar of Okawaru.
 27733 | D:15     | Found Haic's Magic Scroll Shoppe.
 27737 | D:15     | Bought a scroll of teleportation for 39 gold pieces
 27737 | D:15     | Bought a scroll of blinking for 97 gold pieces
 28053 | D:15     | Bought a +0 pair of boots of flying for 184 gold pieces
 28235 | Snake:1  | Entered Level 1 of the Snake Pit
 28293 | Snake:1  | Reached XP level 17. HP: 125/170 MP: 9/16
 28446 | Snake:1  | Noticed Rupert
 28454 | Snake:1  | Killed Rupert
 28568 | Snake:1  | Identified the +1 dagger "Egauth" {flame, rPois Stlth+}
 28723 | Snake:1  | Found Coxtuwk's Jewellery Shop.
 30062 | Snake:1  | Bought the brooch of Shielding {Spirit SH+8} for 1040 gold
                  | pieces
 30062 | Snake:1  | Found the brooch of Shielding {Spirit SH+8}
 30124 | Snake:2  | Found Zahuu's Book Emporium.
 30125 | Snake:2  | Found Hano's Jewellery Boutique.
 30126 | Snake:2  | Found Sakhlicwi's Book Emporium.
 30298 | Snake:2  | Found the +2 hat of the Bear Spirit {Spirit, Bear, *Rage
                  | Will++}
 30433 | Snake:2  | Received a gift from Trog
 30533 | Snake:2  | Reached skill level 15 in Maces & Flails
 31022 | Snake:3  | Noticed Aizul
 31029 | Snake:3  | Killed Aizul
 31704 | Snake:3  | Found Roreqenu's Magic Scroll Shop.
 31723 | Snake:3  | Bought a scroll of enchant armour for 82 gold pieces
 31932 | Snake:3  | Noticed Bai Suzhen
 31950 | Snake:3  | Killed Bai Suzhen
 32219 | Snake:4  | Entered Level 4 of the Snake Pit
 32230 | Snake:4  | Identified the +9 spear "Eviscerator" {heavy, Dex+3}
 32325 | Snake:4  | Noticed Agnes
 32335 | Snake:4  | Killed Agnes
 32453 | Snake:4  | Found Zosa's Assorted Antiques.
 32519 | Snake:4  | Bought a bubbling coppery potion for 36 gold pieces
 32519 | Snake:4  | Bought a murky orange potion for 36 gold pieces
 32686 | Snake:4  | Received a gift from Trog
 33076 | Snake:4  | Reached XP level 18. HP: 156/178 MP: 17/17
 33102 | Snake:4  | Reached skill level 10 in Evocations
 33115 | Snake:4  | Reached skill level 15 in Shields
 33653 | Snake:4  | Got a serpentine rune of Zot
 33705 | Snake:4  | Noticed Kirke
 33716 | Snake:4  | Killed Kirke
 34011 | Swamp:1  | Entered Level 1 of the Swamp
 34181 | Swamp:1  | Identified the +4 great mace of Gallantry {speed, Will+}
 34632 | Swamp:1  | Received a gift from Trog
 34963 | Swamp:2  | Found a transporter.
 34963 | Swamp:2  | Noticed a tentacled monstrosity
 34965 | Swamp:2  | Noticed Vioczuc's ghost (adept TrCK)
 35589 | Swamp:2  | Found a transporter.
 35958 | Swamp:3  | Noticed Jorgrun
 35970 | Swamp:3  | Killed Jorgrun
 36259 | Swamp:3  | Noticed Louise
 36266 | Swamp:3  | Killed Louise
 36292 | Swamp:3  | Found a runed translucent door.
 36298 | Swamp:3  | Noticed benadryl's ghost (adept MiBe)
 36529 | Swamp:4  | Entered Level 4 of the Swamp
 36569 | Swamp:4  | Received a gift from Trog
 37283 | Swamp:4  | Reached XP level 19. HP: 144/185 MP: 15/18
 37440 | Swamp:4  | Noticed the 27-headed Lernaean hydra
 37449 | Swamp:4  | Killed the 27-headed Lernaean hydra
 37821 | Swamp:4  | Got a decaying rune of Zot
 38058 | Elf:1    | Entered Level 1 of the Elven Halls
 38089 | Elf:1    | Reached skill level 15 in Evocations
 38129 | Elf:1    | Reached skill level 1 in Invocations
 38280 | Elf:1    | Received a gift from Trog
 38524 | Elf:1    | Identified the +4 whip "Orelebad" {heavy, rPois Str+3
                  | Int+3}
 38584 | Elf:1    | Found Ushuofuph's One-of-a-Kind Books.
 38728 | Elf:1    | Found a runed translucent gate.
 38729 | Elf:1    | Found a runed translucent gate.
 38730 | Elf:1    | Found a runed translucent gate.
 38730 | Elf:1    | Noticed SirDiesAlot's ghost (journeyman SpEn)
 38846 | Elf:1    | Found Efoqisy's Distillery.
 38850 | Elf:1    | Bought a potion of curing for 30 gold pieces
 38850 | Elf:1    | Bought a potion of cancellation for 80 gold pieces
 38850 | Elf:1    | Bought a potion of berserk rage for 50 gold pieces
 38850 | Elf:1    | Bought a potion of attraction for 30 gold pieces
 38850 | Elf:1    | Bought a potion of heal wounds for 50 gold pieces
 38850 | Elf:1    | Bought a potion of curing for 30 gold pieces
 39247 | Elf:1    | Killed SirDiesAlot's ghost
 39306 | Elf:2    | Noticed Saint Roka
 39324 | Elf:2    | Killed Saint Roka
 39709 | Elf:2    | Noticed Zenata
 39722 | Elf:2    | Killed Zenata
 39977 | Elf:2    | Found a runed translucent gate.
 39977 | Elf:2    | Found a runed translucent gate.
 39977 | Elf:2    | Found a runed translucent gate.
 40162 | Elf:3    | Entered Level 3 of the Elven Halls
 40162 | Elf:3    | Found Jeusmi's Antique Weapon Shop.
 40176 | Elf:3    | Found a transporter.
 40191 | Elf:3    | Found Bean's General Store.
 40200 | Elf:3    | Found a transporter.
 40220 | Elf:3    | Found a flickering gateway to a bazaar.
 40230 | Elf:3    | Found a transporter.
 40242 | Elf:3    | Found a transporter.
 40309 | Elf:3    | Found Lumomi's Specific Store.
 40310 | Elf:3    | Found Yjudyus's General Store.
 40336 | Elf:3    | Found a portal to a secret trove of treasure.
 40398 | Bazaar   | Entered a bazaar
 40414 | Bazaar   | Found Niref's Magic Scroll Emporium.
 40415 | Bazaar   | Found Qoatohagy's Book Emporium.
 40458 | Bazaar   | Found Haohio's Distillery.
 40458 | Bazaar   | Found Homaotol's Armour Shoppe.
 40492 | Bazaar   | Bought a potion of haste for 110 gold pieces
 40601 | Elf:3    | Found a transporter.
 40840 | Elf:3    | Received a gift from Trog
 40843 | Elf:3    | Found the +1 robe of Vines {NoPotionHeal Regen++++}
 40849 | Elf:3    | Reached skill level 10 in Dodging
 40870 | Elf:3    | Reached skill level 5 in Invocations
 40880 | Elf:3    | Identified the ring "Meozobav" {rPois rC+ Slay+4}
 40890 | Elf:3    | Identified the amulet of Qarraix {Acrobat Str+4 Int+2
                  | Stlth+}
 41189 | Elf:3    | Found the +8 frozen axe "Frostbite" {freeze, freezing
                  | cloud, *Noise Fly rC+}
 41344 | Elf:3    | Identified the ring of Ubasten {Fly Stlth+}
 41352 | Elf:3    | Identified the +2 glaive "Qilal" {flame, +Blink Int+3}
 41371 | Elf:3    | Identified the +5 plate armour of Mental Paralysis {Str+3
                  | Dex+6}
 41372 | Elf:3    | Identified the +9 plate armour "Tufen" {+Blink rC+}
 41489 | Elf:3    | Found a transporter.
 41739 | D:15     | Bought a scroll of brand weapon for 123 gold pieces
 41740 | D:15     | Bought a scroll of brand weapon for 123 gold pieces
 41828 | Vaults:1 | Entered Level 1 of the Vaults
 41855 | Vaults:1 | Received a gift from Trog
 42036 | D:15     | Bought a scroll of brand weapon for 152 gold pieces
 42179 | Vaults:1 | Found Hopnite's Armour Boutique.
 43243 | Vaults:1 | Reached XP level 20. HP: 193/193 MP: 24/24
 44685 | Vaults:2 | Received a gift from Trog
 45051 | Vaults:2 | Found a runed translucent gate.
 45051 | Vaults:2 | Found a runed translucent gate.
 45051 | Vaults:2 | Found a runed translucent gate.
 45051 | Vaults:2 | Noticed Rinoumap's ghost (adept TrCK)
 45053 | Vaults:2 | Found the +2 Maxwell's thermic engine {flame, freeze, rev}
 45054 | Vaults:2 | Found an iron altar of Okawaru.
 45340 | Vaults:2 | You are sucked into a shaft and drop 2 floors!
 45356 | Vaults:4 | Noticed Mennas
 45399 | Vaults:4 | Noticed Boris
 45411 | Vaults:4 | Killed Boris
 45484 | Abyss:2  | Found a corrupted altar of Lugonu.
 45484 | Abyss:2  | Cast into level 2 of the Abyss (a deep elf demonologist)
 45580 | Abyss:2  | Found a corrupted altar of Lugonu.
 45609 | Abyss:2  | Gained mutation: Armour fits poorly on your strangely
                  | shaped body. [a neqoxec]
 45696 | Abyss:2  | Reached skill level 15 in Dodging
 45792 | Abyss:2  | Gained mutation: You are dopey. (Int -2) [a shining eye]
 45879 | Vaults:4 | Escaped the Abyss
 45886 | Vaults:4 | Lost mutation: You are dopey. (Int -2) [potion of mutation]
 45886 | Vaults:4 | Lost mutation: Armour fits poorly on your strangely shaped
                  | body. [potion of mutation]
 45886 | Vaults:4 | Gained mutation: You are dopey. (Int -2) [potion of
                  | mutation]
 45886 | Vaults:4 | Gained mutation: You are occasionally teleported next to
                  | monsters. [potion of mutation]
 45886 | Vaults:4 | Gained mutation: You occasionally shout uncontrollably at
                  | your foes. [potion of mutation]
 45887 | Vaults:4 | Lost mutation: You are occasionally teleported next to
                  | monsters. [potion of mutation]
 45887 | Vaults:4 | Lost mutation: You occasionally shout uncontrollably at
                  | your foes. [potion of mutation]
 45887 | Vaults:4 | Lost mutation: You are dopey. (Int -2) [potion of mutation]
 45887 | Vaults:4 | Gained mutation: You have sharp toenails. [potion of
                  | mutation]
 45890 | Vaults:4 | Identified the +11 sling "Ogrebane" {freeze, Fly rN+ Dex+3
                  | SInv}
 46282 | Vaults:4 | Received a gift from Trog
 46709 | Vaults:4 | Reached XP level 21. HP: 201/201 MP: 26/26
 47037 | Vaults:4 | Killed Mennas
 47680 | Vaults:4 | Identified the ring "Xataodgh" {Ice rElec Will+++ rCorr
                  | Dex-5}
 47833 | Vaults:3 | Reached skill level 21 in Fighting
 47833 | Vaults:3 | Received a gift from Trog
 48143 | Vaults:3 | Found a staircase to the Crypt.
 48143 | Vaults:3 | Found a basalt altar of Yredelemnul.
 48144 | Vaults:3 | Found an ancient bone altar of Kikubaaqudgha.
 48404 | Vaults:3 | Paralysed by a great orb of eyes for 2 turns
 49248 | Vaults:2 | Received a gift from Trog
 49635 | Depths:1 | Entered Level 1 of the Depths
 49635 | Depths:1 | Found Gozag's Platinum Reserve.
 49681 | Depths:1 | Found an opulent altar of Gozag.
 49692 | Depths:1 | Found a gateway to Hell.
 50299 | Depths:1 | Found an ornate altar of the Wu Jian Council.
 50774 | Depths:2 | Reached skill level 22 in Fighting
 50779 | Depths:2 | Noticed Asterion
 50792 | Depths:2 | Received a gift from Trog
 50800 | Depths:1 | Killed Asterion
 50983 | Depths:2 | Reached XP level 22. HP: 198/215 MP: 24/27
 51800 | Depths:2 | Found a one-way gateway to a ziggurat.
 51909 | Depths:2 | Noticed Vv
 52267 | Depths:2 | Killed Vv
 52767 | Depths:2 | Found a one-way gate leading to the halls of Pandemonium.
 52959 | Depths:2 | Found a one-way gate to the infinite horrors of the Abyss.
 53591 | Depths:3 | Received a gift from Trog
 53660 | Depths:3 | Noticed Boris
 53682 | Depths:3 | Killed Boris
 53802 | Depths:3 | Identified the +7 plate armour of Heison {Dex+5}
 53869 | Depths:3 | Identified the +0 ring mail of the Sturgeon {-Tele Rampage
                  | Str+5 Int+3}
 54120 | Depths:3 | Reached skill level 23 in Fighting
 54251 | Depths:3 | Found a runed translucent door.
 54573 | Depths:3 | Found a runed translucent door.
 54605 | Depths:3 | Found a runed translucent door.
 54909 | Depths:4 | Entered Level 4 of the Depths
 54974 | Depths:4 | Found Hopatot's Book Boutique.
 54994 | Depths:4 | Found Ylubleun's Armour Boutique.
 55326 | Depths:4 | Noticed a golden dragon
 55335 | Depths:4 | Killed a golden dragon
 55654 | Depths:4 | Received a gift from Trog
 55685 | Depths:4 | Found a gate to the Realm of Zot.
 55963 | Depths:4 | Reached XP level 23. HP: 171/208 MP: 23/28
 56757 | Vaults:5 | Entered Level 5 of the Vaults
 56938 | Vaults:5 | Noticed Boris
 56962 | Vaults:5 | Killed Boris
 57065 | Vaults:5 | Noticed a dread lich
 57075 | Vaults:5 | Killed a dread lich
 57076 | Vaults:5 | Reached skill level 24 in Fighting
 57084 | Vaults:5 | Received a gift from Trog
 57146 | Vaults:5 | Got a silver rune of Zot
 57206 | Vaults:5 | Identified the +1 falchion of Subterfuge {speed, rPois
                  | Str+2}
 57224 | Vaults:5 | Identified the +0 ring mail of Noughts and Crosses {Str+2
                  | Dex+3}
 57567 | Vaults:5 | Identified the +6 sling "Gram" {speed, Fly rC+ rN+ Int-4}
 57608 | Vaults:5 | Found Ruycumemysh's Assorted Antiques.
 57612 | Vaults:5 | Identified the +0 ice dragon scales of the Arcane {rElec
                  | rF- rC++ SInv}
 57616 | Vaults:5 | Identified the staff of earth "Ubanluobb" {Drain rF+++
                  | Str+2 SInv}
 57618 | Vaults:5 | Bought a scroll of teleportation for 96 gold pieces
 57618 | Vaults:5 | Bought a scroll of teleportation for 96 gold pieces
 57618 | Vaults:5 | Bought a scroll of magic mapping for 240 gold pieces
 57618 | Vaults:5 | Bought a scroll of magic mapping for 240 gold pieces
 57819 | Vaults:5 | Received a gift from Trog
 58217 | Vaults:5 | Found Syonoucu's Armour Emporium.
 58427 | Vaults:5 | Identified the +0 scale mail of the Monk {Stlth+}
 58797 | Zot:1    | Entered Level 1 of the Realm of Zot
 59502 | Zot:1    | Reached skill level 25 in Fighting
 59648 | Zot:1    | Reached XP level 24. HP: 134/242 MP: 17/28
 59784 | Zot:1    | Received a gift from Trog
 60140 | Zot:1    | Noticed a shard shrike
 60145 | Zot:1    | Killed a shard shrike
 60422 | Zot:1    | Noticed Parghit
 60508 | Zot:1    | Killed Parghit
 61597 | Zot:4    | Reached skill level 26 in Fighting
 62128 | Zot:4    | Identified the +12 short sword of Hibbaude {flame, *Slow
                  | +Blink rCorr Str+6} (Trog gifted it to you on level 4 of
                  | the Realm of Zot)
 62128 | Zot:4    | Received a gift from Trog
 63188 | Zot:5    | Entered Level 5 of the Realm of Zot
 63561 | Zot:5    | Reached skill level 27 in Fighting
 63730 | Zot:5    | Noticed an ancient lich
 63741 | Zot:5    | Killed an ancient lich
 63774 | Zot:5    | Noticed a Killer Klown
 63777 | Zot:5    | Noticed a Killer Klown
 63778 | Zot:5    | Noticed an ancient lich
 63779 | Zot:5    | Noticed a Killer Klown
 63780 | Zot:5    | Noticed an orb of fire
 63782 | Zot:5    | Killed a Killer Klown
 63786 | Zot:5    | Killed a Killer Klown
 63787 | Zot:5    | Noticed a Killer Klown
 63788 | Zot:5    | Noticed a Killer Klown
 63792 | Zot:5    | Gained mutation: You occasionally lose the ability to drink
                  | potions when taking damage. [an orb of fire]
 63793 | Zot:5    | Gained mutation: You are clumsy. (Dex -2) [an orb of fire]
 63793 | Zot:5    | Gained mutation: You are frail. (-10% HP) [an orb of fire]
 63796 | Zot:5    | Killed an orb of fire
 63797 | Zot:5    | Reached XP level 25. HP: 165/231 MP: 19/28
 63802 | Zot:5    | Killed a Killer Klown
 63808 | Zot:5    | Killed a Killer Klown
 63809 | Zot:5    | Killed an ancient lich
 63814 | Zot:5    | Killed a Killer Klown
 63815 | Zot:5    | Lost mutation: You occasionally lose the ability to drink
                  | potions when taking damage. [potion of mutation]
 63815 | Zot:5    | Lost mutation: You are frail. (-10% HP) [potion of
                  | mutation]
 63815 | Zot:5    | Gained mutation: You have razor-sharp toenails. [potion of
                  | mutation]
 64315 | Zot:5    | Received a gift from Trog
 64374 | Zot:5    | Noticed a Killer Klown
 64386 | Zot:5    | Killed a Killer Klown
 64387 | Zot:5    | Noticed an orb of fire
 64387 | Zot:5    | Noticed an ancient lich
 64389 | Zot:5    | Gained mutation: You are occasionally teleported next to
                  | monsters. [an orb of fire]
 64393 | Zot:5    | Noticed a dread lich
 64395 | Zot:5    | Gained mutation: You are weak. (Str -2) [an orb of fire]
 64398 | Zot:5    | Noticed a Killer Klown
 64401 | Zot:5    | Killed an orb of fire
 64405 | Zot:5    | Killed a dread lich
 64407 | Zot:5    | Killed an ancient lich
 64420 | Zot:5    | Killed a Killer Klown
 64851 | Zot:5    | Lost mutation: You are occasionally teleported next to
                  | monsters. [potion of mutation]
 64851 | Zot:5    | Lost mutation: You are weak. (Str -2) [potion of mutation]
 64851 | Zot:5    | Gained mutation: You are robust. (+10% HP) [potion of
                  | mutation]
 64897 | Zot:5    | Got the Orb of Zot
 64919 | Zot:5    | Noticed a seraph
 65012 | Zot:2    | Noticed Jiriadab the pandemonium lord
 65339 | D:6      | Noticed Demagrod the pandemonium lord
 65481 | D:$      | Escaped with the Orb!

Illustrated notes

Levels and vault maps discovered:
D:1:      dpeg_arrival_leaves_temple_mockup, layout_basic, minmay_heptomino_d4
D:2:      layout_rooms, grunt_ministairs_9, lexackson_kobold_supper, uniq_robin
D:3:      layout_rooms, nicolae_dithmenos_shadow_blocks,
          mainiacjoe_overflow_chevrons, dreamdust_wishing_well,
          minmay_box_of_dots
D:4:      layout_gridville, minmay_temple_entry_proselytizer, serial_undead,
          serial_undead_a, serial_undead_c, serial_undead_a, serial_undead_b,
          uniq_edmund
D:5:      layout_loops_corners, okawaru_altar_gauntlet_db, zin_statuary,
          nicolae_eternal_life, minivault_23, st_stairs_6
D:6:      layout_basic, serial_glass, glass_columns_c, glass_columns_b,
          kennysheep_generic_room_5, uniq_prince_ribbit1
D:7:      layout_basic, mainiacjoe_overflow_alcove_2, st_stairs_2,
          minmay_small_thing
D:8:      layout_basic, cheibriados_altar_1, minmay_overflow_temple_star_quad
D:9:      layout_grid_maze, uniq_gastronok
D:10:     wad_crossroads, layout_basic, nicolae_uskayaw_suspiria,
          david_lair_generic, uniq_snorg
D:11:     layout_loops_ring, minmay_orc_entry_guard_dogs,
          portal_ice_cave_entry_ice_simulacra, st_stairs_4
D:12:     layout_layer_cave
D:13:     layout_irregular_city, david_vaults_1
D:14:     layout_basic, dreamdust_princess_bridge, uniq_nessos, uniq_roxanne
D:15:     hangedman_depths_entry_civil_slaughter, layout_irregular_city,
          serial_shops, bzr_entry_gold, nicolae_diamond_shop, shop, shop,
          lemuel_crystal_altar
Lair:1:   layout_chaotic_city, grunt_megastairs_1
Lair:2:   layout_chaotic_city
Lair:3:   nzn_winding_woodlands_cross
          [nzn_winding_woodlands_5x15_pathside_ponds,
          nzn_winding_woodlands_5x15_garden, nzn_winding_woodlands_5x15_jagged,
          nzn_winding_woodlands_5x15_crooked,
          nzn_winding_woodlands_15x15_thick_spiral], layout_cave_pods,
          minmay_swamp_entry_worms, minmay_snake_entry_guardpost_small
Lair:4:   layout_roguey
Lair:5:   hangedman_lair_tendril_chambers, layout_layer_cave,
          minmay_slime_entry_pillars, gauntlet_entry_generic, uniq_sonja
Swamp:1:  layout_falls_marsh, evilmike_swamp_ruin_house_1, swamp_pool4,
          beargit_elvish_explorers
Swamp:2:  layout_basic_swamp, gammafunk_ghost_arena, hangedman_swamp_ruin_wall,
          swamp_pool3
Swamp:3:  layout_falls_marsh, ebering_ghost_reflecting_pool,
          evilmike_swamp_ruin_house_4, infiniplex_staircase_pool, uniq_louise,
          uniq_jorgrun
Swamp:4:  swamp_old_school, layout_basic_swamp
Snake:1:  layout_misc_corridors, serial_shops, shop, grunt_megastairs_5,
          uniq_rupert
Snake:2:  nicolae_snake_attic_fulla_snakes, layout_grid_maze, minmay_shop_grove
Snake:3:  layout_cave_pods, serial_shops, nicolae_shop_stone, uniq_bai_suzhen,
          uniq_aizul
Snake:4:  hellmonk_snake_rune_quicksilver_temple, layout_cave_town,
          serial_shops, shop, uniq_kirke, uniq_agnes
Orc:1:    layout_caves, serial_shops, shop
Orc:2:    hellmonk_orc_salted, layout_caves, serial_shops, shop,
          ebering_ghost_inner_flame
Elf:1:    minmay_elf_arrival_summoners, layout_geoelf_grid,
          ebering_ghost_rock_garden, serial_shops, shop,
          kennysheep_underground_church, nicolae_rare_books,
          serial_sigils_hangedman_scar, minivault_27
Elf:2:    nicolae_elf_blades_splatter_lattice [mumra_blade_entry_dagger],
          layout_geoelf_diagonals, uniq_zenata, uniq_saint_roka
Elf:3:    elf_hall_gauntlet_narrow, layout_loops_cross, serial_shops,
          bzr_entry_customers, shop, nicolae_shop_statue_plus,
          nicolae_trove_entry_diagonal, nicolae_specific_store,
          serial_nicolae_subway, nicolae_sub_station_stone,
          nicolae_sub_station_crystal, nicolae_sub_station_metal
Vaults:1: grunt_vaults_funnel, ontoclasm_vaults_misaligned, v_misc_25,
          hangedman_vaults_stagger, ontoclasm_vaults_ligature,
          ontoclasm_vaults_shout, ontoclasm_vaults_ring_large, v_misc_8,
          ontoclasm_vaults_chip, vaults_room_door_ring, v_pattern_5, v_misc_16,
          grunt_vaults_hallway_long, vaults_dpeg_emergency_exit,
          layout_vaults_ring, serial_shops, nicolae_shop_trees
Vaults:2: gammafunk_ghost_fury_of_okawaru, nicolae_vaults_murderbox,
          nicolae_vaults_back_hallway, v_misc_28, ontoclasm_vaults_spin,
          nicolae_vaults_network_s, vaults_standard_mumra_enter_the_diamond,
          hangedman_vaults_hat, nicolae_vaults_mini_display_case,
          layout_vaults_maze_snakey
Vaults:3: v_pattern_1, minmay_crypt_entry_necro_gods, dpeg_vaults_monster_row,
          hangedman_vaults_impose, hangedman_vaults_slice,
          ontoclasm_vaults_shuriken, layout_vaults_omnigrid
Vaults:4: vaults_dpeg_cross, nicolae_vaults_network_square,
          nicolae_vaults_network_quinsquares
          [nicolae_vaults_network_quincunx_subvault,
          nicolae_vaults_network_quincunx_subvault,
          nicolae_vaults_network_quincunx_subvault,
          nicolae_vaults_network_quincunx_subvault],
          nicolae_vaults_little_squares_1, st_octagons_1, v_misc_23,
          ontoclasm_vaults_claustrophobia, hangedman_vaults_trim,
          nicolae_vaults_yaktaur_gun_rack, layout_vaults_chaotic_city,
          uniq_mennas, uniq_boris
Vaults:5
Depths:1: layout_cave_pools, serial_column_ruins, column_ruins_portal_astroid,
          column_ruins_hut_ruined, column_ruins_grid_1, column_ruins_grid_1,
          column_ruins_corridor_plus, column_ruins_open_medium,
          column_ruins_open_tiny, column_ruins_open_tiny,
          nicolae_gozag_zags_fifth_avenue, hangedman_coc_ice_floe,
          kennysheep_cluttered_room, nicolae_water_bricks,
          nicolae_wu_jian_glorious_leap
Depths:2: minmay_ornate_pinched, layout_basic, enter_ziggurat_d, hellmouth_1,
          pan_entry, minmay_hedge_maze, serial_co_window_serial,
          co_window_paths_b, co_window_corner_a, co_window_paths_a,
          co_window_corner_a, co_window_paths_a, co_window_corner_a,
          co_window_corner_a, co_window_unsneaky_path_b, co_window_cross_2,
          co_window_paths_c, glass_columns_b, glass_columns_a, glass_columns_b,
          marbit_kobold_abyss_entry, minmay_misc_feat_columns, uniq_asterion,
          uniq_vv
Depths:3: minmay_the_grid_triangle_9x9_recursive_3
          [minmay_the_grid_triangle_9x9_pentomino_pain,
          minmay_the_grid_triangle_9x9_tough_junction,
          minmay_the_grid_triangle_9x9_flanged_cone,
          minmay_the_grid_triangle_9x9_prize_schism,
          minmay_the_grid_triangle_9x9_sprig,
          minmay_the_grid_triangle_9x9_checkered,
          minmay_the_grid_triangle_9x9_minimal,
          minmay_the_grid_triangle_9x9_skeleton,
          minmay_the_grid_triangle_9x9_subtriangle], layout_long_grid,
          abandoned_shop, abyss_entry, pf_hell_entry_tar_river
Depths:4: evilmike_zot_entry_diamond, layout_honeycomb, nrook_campfire,
          abyss_entry, hell_entry, pan_entry, amcnicky_mini_pool_medium,
          minmay_shop_star
Zot:1:    layout_onion, grunt_ministairs_12, hangedman_elemental_grid_stream,
          uniq_parghit
Zot:2:    layout_cathedral_of_symmetry, ebering_ghost_rock_garden,
          hangedman_swamp_dais
Zot:3:    layout_onion, lemuel_baited_zot_trap
Zot:4:    layout_cathedral_of_symmetry, lemuel_elevator, grunt_megastairs_2
Zot:5:    layout_misc_corridors, hangedman_zot_decor_scrapings

Skill      XL: |  1  2  3  4  5  6  7  8  9 10 11 12 13 14 15 16 17 18 19 20 21 22 23 24 25 |
---------------+----------------------------------------------------------------------------+-----
Maces & Flails | 4 11 12 16 | 16.0
Stealth        | 1 |  1.9
Fighting       | 4 5 7 9 12 14 15 16 18 20 22 23 25 27 | 27.0
Short Blades   | 1 2 3 4 5 |  5.0
Dodging        | 3 4 5 8 11 15 16 19 | 19.6
Armour         | 7 9 12 15 17 18 19 22 | 22.0
Shields        | 5 9 10 14 16 18 20 22 | 22.0
Evocations     | 4 6 8 9 14 15 17 18 20 | 20.0
Invocations    | 7 8 |  8.0

Action                     |  1- 3 |  4- 6 |  7- 9 | 10-12 | 13-15 | 16-18 | 19-21 | 22-24 | 25-27 || total
---------------------------+-------+-------+-------+-------+-------+-------+-------+-------+-------++-------
  Melee: Mace              |    60 |       |       |       |       |       |       |       |       ||    60
         Headbutt          |     7 |    19 |    89 |   269 |   560 |   265 |   437 |   591 |    37 ||  2274
         Dagger            |    31 |    81 |   356 |   838 |  1535 |       |       |       |       ||  2841
         Punch             |     1 |     1 |     3 |     6 |       |       |       |       |       ||    11
         Eveningstar       |       |       |       |       |   212 |  1018 |  1520 |  1663 |   137 ||  4550
 Invoke: Berserk           |       |     2 |     2 |     7 |     8 |     3 |     1 |     2 |       ||    25
         Trog's Hand       |       |     1 |       |     4 |     8 |     7 |     6 |     3 |       ||    29
         Brothers in Arms  |       |       |       |     2 |     1 |     3 |     3 |     4 |       ||    13
Ability: Evoke Invisibilit |       |       |       |       |     1 |       |       |       |       ||     1
  Evoke: Wand              |       |       |     6 |    33 |     9 |    13 |    10 |    10 |    12 ||    93
         Lightning rod     |       |       |       |       |     8 |     8 |    12 |     4 |       ||    32
         Box of beasts     |       |       |       |       |       |       |     2 |     6 |     1 ||     9
         Phial of floods   |       |       |       |       |       |       |       |     4 |       ||     4
         Phantom mirror    |       |       |       |       |       |       |       |     4 |     1 ||     5
    Use: Scroll            |     6 |     1 |     5 |    13 |    14 |    10 |    12 |    22 |     7 ||    90
         Potion            |       |       |       |     1 |     2 |       |    11 |    13 |    13 ||    40
   Stab: Sleeping          |     1 |       |       |       |       |       |       |       |       ||     1
         Invisible         |       |     2 |     7 |    18 |    50 |    20 |    14 |    21 |     1 ||   133
         Petrified         |       |       |       |     2 |    21 |       |       |       |       ||    23
         Paralysed         |       |       |       |       |     3 |     1 |       |       |       ||     4
         Distracted        |       |       |       |       |       |     1 |     1 |     3 |     2 ||     7
 Armour: Animal skin       |     1 |       |       |       |       |       |       |       |       ||     1
         Ring mail         |    22 |    13 |    47 |    15 |       |       |       |       |       ||    97
         Steam dragon scal |       |       |       |    47 |       |       |       |       |       ||    47
         Acid dragon scale |       |       |       |    89 |    76 |       |       |       |       ||   165
         Plate armour      |       |       |       |       |   545 |   121 |       |       |       ||   666
         Storm dragon scal |       |       |       |       |       |   245 |   390 |   507 |    35 ||  1177
  Dodge: Dodged            |    65 |    43 |   223 |   542 |   846 |   333 |   456 |   848 |    38 ||  3394
  Block: Other             |     7 |    14 |    79 |    30 |       |       |       |       |       ||   130
         Reflection        |     1 |     1 |     1 |    12 |    25 |    27 |       |       |       ||    67
         Buckler           |       |       |       |   231 |   530 |       |       |       |       ||   761
         Orb               |       |       |       |    17 |       |       |       |       |       ||    17
         Kite shield       |       |       |       |       |   481 |   929 |  1068 |  1445 |   119 ||  4042

Table legend: (Time is in decaauts)
 A = Elapsed time spent in this place.
 B = Non-inter-level travel time spent in this place.
 C = Inter-level travel time spent in this place.
 D = Time resting spent in this place.
 E = Time spent auto-exploring this place.
 F = Levels seen in this place.
 G = Mean time per level.
                   A        B        C        D        E       F      G
               +--------+--------+--------+--------+--------+-----+--------+
         Total |  64537 |  59463 |   5074 |   4114 |  43181 |  52 | 1241.1 |
       Dungeon |  16448 |  14558 |   1890 |   1060 |  10775 |  15 | 1096.5 |
          Lair |   9088 |   8483 |    605 |    373 |   6348 |   5 | 1817.6 |
         Swamp |   3885 |   3756 |    129 |    519 |   2536 |   4 |  971.2 |
     Snake Pit |   5695 |   5396 |    299 |    198 |   4283 |   4 | 1423.8 |
  Orcish Mines |   2680 |   2354 |    326 |    141 |   1685 |   2 | 1340.0 |
   Elven Halls |   3722 |   3170 |    552 |    155 |   2346 |   3 | 1240.7 |
        Vaults |   8491 |   7990 |    501 |    185 |   6182 |   5 | 1698.2 |
        Depths |   6781 |   6221 |    560 |    932 |   4157 |   4 | 1695.2 |
           Zot |   5816 |   5609 |    207 |    186 |   3943 |   5 | 1163.2 |
         Abyss |    376 |    376 |      0 |      2 |    199 |   1 |  376.0 |
        Bazaar |    230 |    230 |      0 |      0 |    135 |   2 |  115.0 |
      Ice Cave |    222 |    222 |      0 |    137 |      0 |   1 |  222.0 |
      Gauntlet |   1097 |   1097 |      0 |    222 |    590 |   1 | 1097.0 |
               +--------+--------+--------+--------+--------+-----+--------+

Top non-repeatable levels by time:
  Lair:5: 3251 daAuts
  Lair:3: 2254 daAuts
Depths:2: 2185 daAuts
   Zot:1: 2093 daAuts
Vaults:4: 2073 daAuts
    D:11: 1891 daAuts
Vaults:2: 1843 daAuts
   Orc:2: 1823 daAuts
   Zot:4: 1721 daAuts
   Zot:5: 1700 daAuts
Vaults:5: 1696 daAuts
Depths:4: 1662 daAuts
 Snake:4: 1647 daAuts
Vaults:1: 1644 daAuts
Depths:3: 1603 daAuts
